 Dungeon Crawl Stone Soup version 0.23.0 (webtiles) character file.

Game seed: 7999061576096976175

193 vishdafish the Skirmisher (level 5, -10/42 HPs)
             Began as a Demonspawn Fighter on Feb 18, 2019.
             Was an Initiate of Cheibriados.
             Mangled by Menkaure (19 damage)
             ... on level 4 of the Dungeon.
             The game lasted 00:03:03 (1954 turns).

vishdafish the Skirmisher (Demonspawn Fighter)      Turns: 1954, Time: 00:03:04

Health: -10/42     AC:  9    Str: 18    XL:     5   Next: 44%
Magic:  5/5        EV:  7    Int: 11    God:    Cheibriados [......]
Gold:   50         SH:  9    Dex: 13    Spells: 4/4 levels left

rFire    + . .     SeeInvis .   a - +0 long sword
rCold    . . .     Gourm    .   c - +0 shield
rNeg     . . .     Faith    .   b - +0 scale mail
rPois    .         Spirit   .   (no helmet)
rElec    .         Reflect  .   (no cloak)
rCorr    .         Harm     .   (no gloves)
MR       .....                  (no boots)
Stlth    ..........             (no amulet)
HPRegen  0.14/turn              l - ring of protection from fire
MPRegen  0.09/turn              (no ring)

@: very slow
A: molten scales 2, spiny 1
a: Bend Time, Renounce Religion


You were on level 4 of the Dungeon.
You worshipped Cheibriados.
Cheibriados was noncommittal.
You were hungry.

You visited 2 branches of the dungeon, and saw 5 of its levels.

You collected 50 gold pieces.

Inventory:

Hand Weapons
 a - a +0 long sword (weapon)
Missiles
 e - 75 stones (quivered)
Armour
 b - a +0 scale mail (worn)
 c - a +0 shield (worn)
Jewellery
 l - a ring of protection from fire (left hand)
Wands
 p - a wand of iceblast (12)
Scrolls
 g - 6 scrolls of identify {unknown}
 h - 3 scrolls of enchant weapon {unknown}
 i - 3 scrolls of remove curse {unknown}
 m - 3 scrolls of teleportation {unknown}
 n - a scroll of magic mapping {unknown}
 o - a scroll of blinking {unknown}
 q - a scroll of fog {unknown}
Potions
 d - a potion of might
 j - a potion of lignification {unknown}
 k - a potion of heal wounds {unknown}
 s - a potion of magic {unknown}
 t - a potion of curing {unknown}
Comestibles
 f - 2 rations


   Skills:
 + Level 3.8 Fighting
 * Level 3.5 Long Blades
 + Level 3.3 Armour
 - Level 3.4 Shields
 * Level 0.2 Invocations


You had 4 spell levels left.
You didn't know any spells.
Your spell library contained the following spells:

 Spells                   Type           Power        Failure   Level  Hunger
 Summon Small Mammal      Summ           #...         99%         1    ##.....
 Call Imp                 Summ           #.......     100%        2    ###....
 Call Canine Familiar     Summ           #.......     100%        3    ####...
 Summon Guardian Golem    Hex/Summ       #.......     100%        3    ####...
 Summon Ice Beast         Ice/Summ       #.......     100%        4    #####..
 Summon Lightning Spire   Summ/Air       #.......     100%        4    #####..


Dungeon Overview and Level Annotations

Branches:
Dungeon (4/15)             Temple (1/1) D:4

Altars:
Cheibriados
Kikubaaqudgha
Xom

Annotations:
D:4 Menkaure


Innate Abilities, Weirdness & Mutations

You are mostly covered in molten scales. (AC +3)
You are partially covered in sharp spines.


Message History

The giant cockroach is struck by your spines.
You kill the giant cockroach!
Cheibriados thoroughly appreciates the change of pace.
Menkaure calls on the powers of darkness!
Your body is wracked with pain!
Menkaure closely misses you.
There is an open door here.
You hit Menkaure.
Menkaure is lightly damaged.
Menkaure calls on the powers of darkness!
Your body is wracked with pain!
* * * LOW HITPOINT WARNING * * *
You barely miss Menkaure.
Menkaure is lightly damaged.
Menkaure is struck by your spines. Menkaure hits you.
* * * LOW HITPOINT WARNING * * *
You block Menkaure's attack.
You slash Menkaure!
Menkaure is severely damaged.
Menkaure is struck by your spines. Menkaure hits you!!
You die...

#....#....#...>.#
#....#....#....#.....'
#....#...##....#.....#
#....#...##....#.....#
#....+.........#.....#
###....#.........#.....#
..$..<.#...###'###.....'
.......#...#...........#
......M@...+...........#
.......#...#...........#
.......#...#......##'###
.......#...#......#...##
.......#...#......#...##
.......#...#......#....#
###....#...+......#....#
#....#####......######
.........


You could see Menkaure.

Vanquished Creatures
  Terence (D:2)
  3 gnolls
  2 adders
  3 oozes
  3 worms
  A dart slug (D:3)
  3 orcs (D:3)
  7 giant cockroaches
  12 goblins
  8 hobgoblins
  12 jackals
  7 kobolds
  10 bats
  3 frilled lizards
  A quokka skeleton (D:4)
  16 rats
92 creatures vanquished.

Notes
Turn   | Place    | Note
-------+----------+-------------------------------------------
     0 | D:1      | vishdafish the Demonspawn Fighter began the quest for the
                  | Orb.
     0 | D:1      | Reached XP level 1. HP: 18/18 MP: 1/1
    54 | D:1      | Gained mutation: You are partially covered in molten
                  | scales. (AC +2) [demonic ancestry]
    54 | D:1      | Reached XP level 2. HP: 23/24 MP: 2/2
   365 | D:1      | Reached XP level 3. HP: 25/29 MP: 3/3
   703 | D:2      | Noticed Terence
   713 | D:2      | Killed Terence
   713 | D:2      | Gained mutation: You are partially covered in sharp spines.
                  | [demonic ancestry]
   713 | D:2      | Reached XP level 4. HP: 25/35 MP: 4/4
  1168 | D:2      | Gained mutation: You are mostly covered in molten scales.
                  | (AC +3) [demonic ancestry]
  1168 | D:2      | Reached XP level 5. HP: 36/42 MP: 5/5
  1729 | D:3      | Found a shimmering altar of Xom.
  1805 | D:4      | Found a staircase to the Ecumenical Temple.
  1846 | Temple   | Entered the Ecumenical Temple
  1854 | Temple   | Became a worshipper of Cheibriados the Contemplative
  1944 | D:4      | Noticed Menkaure
  1954 | D:4      | Mangled by Menkaure

Skill      XL: |  1  2  3  4 |
---------------+-------------+-----
Long Blades    | 2 3 |  3.5
Armour         | 3 |  3.3
Shields        | 3 |  3.4
Fighting       | |  3.8
Invocations    | |  0.2

Action                   |  1- 3 |  4- 6 || total
-------------------------+-------+-------++-------
Melee: Long sword        |    90 |   124 ||   214
  Eat: Chunk             |       |     3 ||     3
Armor: Scale mail        |    52 |    79 ||   131
Dodge: Dodged            |    34 |    42 ||    76
Block: Shield            |    59 |    88 ||   147
       Rpst.: Long sword |    13 |     9 ||    22
